 Dungeon Crawl Stone Soup version 0.25-a0-719-gde951dce62 (webtiles) character file.

Game seed: 1224027218935887914, levelgen mode: deterministic

1153 kae the Ruffian (level 8, -3/59 HPs)
             Began as a Black Draconian Transmuter on Apr 6, 2020.
             Was an Initiate of Uskayaw.
             Slain by an ogre
             ... wielding a +0 giant club
              (22 damage)
             ... on level 6 of the Dungeon.
             The game lasted 00:04:06 (6287 turns).

kae the Ruffian (Black Draconian Transmuter)        Turns: 6287, Time: 00:04:07

Health: -3/59      AC:  6    Str: 15    XL:     8   Next: 16%
Magic:  12/15      EV: 12    Int: 14    God:    Uskayaw [......]
Gold:   78         SH:  0    Dex: 11    Spells: 1/16 levels left

rFire    . . .     SeeInvis .   e - +1 whip
rCold    . . .     Gourm    .   (no shield)
rNeg     . . .     Faith    .   (armour unavailable)
rPois    .         Spirit   .   (helmet restricted)
rElec    +         Reflect  .   (no cloak)
rCorr    .         Harm     .   (no gloves)
MR       .....                  (no boots)
Stlth    +.........             (no amulet)
HPRegen  0.19/turn              (no ring)
MPRegen  0.14/turn              (no ring)

@: short of breath
A: breathe lightning, unfitting armour, electricity resistance, cold-blooded, AC
+6
a: Breathe Lightning, Renounce Religion


You were on level 6 of the Dungeon.
You worshipped Uskayaw.
Uskayaw was noncommittal.
You were very hungry.

You visited 1 branch of the dungeon, and saw 6 of its levels.

You collected 180 gold pieces.
You spent 102 gold pieces at shops.

Inventory:

Hand Weapons
 e - a +1 whip (weapon)
Missiles
 a - 62 arrows
Jewellery
 f - an uncursed amulet of harm
Scrolls
 g - a scroll of random uselessness
 m - a scroll of amnesia
 p - a scroll of remove curse
Potions
 b - a potion of resistance
 h - a potion of cancellation
 j - a potion of might
 k - a potion of curing
 l - 2 potions of lignification
 n - a potion of magic
 q - a potion of haste
 r - a potion of brilliance {unknown}
 s - a potion of degeneration {unknown}
Comestibles
 c - 9 rations


   Skills:
 - Level 1.1 Fighting
 - Level 1.7 Dodging
 * Level 7.5 Unarmed Combat
 + Level 4.7 Spellcasting
 + Level 5.1 Transmutations


You had one spell level left.
You knew the following spells:

 Your Spells              Type           Power        Failure   Level  Hunger
a - Beastly Appendage     Tmut           ###...       2%          1    None
b - Sticks to Snakes      Tmut           ###.....     3%          2    ##.....
c - Spider Form           Tmut/Pois      ##........   19%         3    ###....
d - Ice Form              Ice/Tmut       ##......     52%         4    ####...
e - Blade Hands           Tmut           ###.......   52%         5    ######.

Your spell library contained the following spells:

 Spells                   Type           Power        Failure   Level  Hunger
 Magic Dart               Conj           #...         19%         1    None
 Blink                    Tloc           N/A          26%         2    ##.....
 Call Imp                 Summ           #.......     26%         2    ##.....
 Slow                     Hex            #.......     26%         2    ##.....
 Conjure Flame            Conj/Fire      #.......     47%         3    ###....
 Mephitic Cloud           Conj/Pois/Air  #.......     47%         3    ###....


Dungeon Overview and Level Annotations

Branches:
Dungeon (6/15)
 Temple: D:4-7

Altars:
Gozag
Uskayaw
Xom
The Shining One

Shops:
D:4 *


Innate Abilities, Weirdness & Mutations

You can breathe wild blasts of lightning.
Your glossy black scales are hard. (AC +6)
You cannot fit into any form of body armour.
You are resistant to electric shocks. (rElec)
You are cold-blooded and may be slowed by cold attacks.


Message History

An ogre is nearby!
An ogre is nearby!
An ogre is nearby!
There is an open door here.
You breathe a wild blast of lightning!
You hear a mighty clap of thunder! x2
You feel somewhat more hungry.
You hear an angry hiss.
You hear a shout!
You hear an angry hiss.
The ogre misses you.
You stomp with the beat, sending a shockwave through the revelers around you!
The ogre is moderately wounded.
You are feeling very hungry.
You can no longer stomp with the beat.
You hit the ogre but do no damage.
The ogre is moderately wounded.
The ogre hits you with a +0 giant club!!
You hit the ogre.
Your tail-slap misses the ogre.
The ogre is moderately wounded.
The ogre hits you with a +0 giant club!!
You die...

### ##..#....#
#...#....# #...+....#
#...#....# .
#...#....###### ...
#O..#..........
.....#@###..........
....................
....................
...............########
#############..#......#
#..'.....###
#..####'##..
#....#...#..
#....#...#..


You could see an ogre.

Vanquished Creatures
  Sigmund (D:3)
  3 yaks (D:5)
  Blork the orc (D:5)
  A scorpion (D:5)
  2 howler monkeys (D:4)
  Jessica (D:3)
  2 iguanas (D:4)
  Natasha (thrice) (D:2)
  2 worker ants (D:4)
  A hound zombie (D:5)
  A gnoll (D:1)
  7 adders
  An ooze (D:3)
  2 worms
  2 dart slugs (D:1)
  6 leopard geckos
  2 orcs (D:4)
  7 bats
  4 giant cockroaches
  6 goblins
  3 hobgoblins
  10 jackals
  5 quokkas
  2 frilled lizards
  3 kobolds
  A leopard gecko skeleton (D:4)
  A leopard gecko zombie (D:5)
  3 rats (D:3)
83 creatures vanquished.

Vanquished Creatures (collateral kills)
  A jackal (D:3)
1 creature vanquished.

Grand Total: 84 creatures vanquished

Notes
Turn   | Place    | Note
-------+----------+-------------------------------------------
     0 | D:1      | kae the Draconian Transmuter began the quest for the Orb.
     0 | D:1      | Reached XP level 1. HP: 16/16 MP: 3/3
   339 | D:1      | Reached XP level 2. HP: 23/23 MP: 3/5
  1133 | D:1      | Reached XP level 3. HP: 26/28 MP: 4/6
  1715 | D:2      | Noticed Natasha
  1726 | D:2      | Learned a level 2 spell: Sticks to Snakes
  1730 | D:2      | Learned a level 3 spell: Spider Form
  2023 | D:2      | Found a shimmering altar of Xom.
  2144 | D:2      | Killed Natasha
  2144 | D:2      | Reached skill level 4 in Unarmed Combat
  2144 | D:2      | Reached XP level 4. HP: 16/35 MP: 3/7
  2367 | D:2      | Found a shimmering altar of Xom.
  2483 | D:2      | Noticed Natasha
  2488 | D:2      | Killed Natasha
  2496 | D:2      | Noticed Natasha
  2500 | D:2      | Killed Natasha
  2780 | D:3      | Noticed Jessica
  2792 | D:3      | Killed Jessica
  2792 | D:3      | Reached XP level 5. HP: 31/40 MP: 6/9
  3715 | D:3      | Reached skill level 5 in Unarmed Combat
  3927 | D:3      | Noticed Sigmund
  3942 | D:3      | Killed Sigmund
  3942 | D:3      | Reached XP level 6. HP: 17/47 MP: 7/11
  4637 | D:4      | Found Onossu Zoso's Assorted Antiques.
  4671 | D:4      | Bought a silvery potion for 24 gold pieces
  4671 | D:4      | Bought a yellow potion for 24 gold pieces
  4671 | D:4      | Bought a scroll labeled PAN HYBLUYFU for 27 gold pieces
  4671 | D:4      | Bought a scroll labeled CIPUT QUICAUREF for 27 gold pieces
  4673 | D:4      | Found an opulent altar of Gozag.
  4691 | D:4      | Reached skill level 6 in Unarmed Combat
  5157 | D:4      | Your scales start taking on a glossy black colour.
  5157 | D:4      | Reached XP level 7. HP: 52/52 MP: 10/12
  5157 | D:4      | Gained mutation: You are resistant to electric shocks.
                  | (rElec) [Black Draconian growth]
  5497 | D:4      | Found a hide-covered altar of Uskayaw.
  5578 | D:4      | Became a worshipper of Uskayaw the Reveler
  5637 | D:5      | Entered Level 5 of the Dungeon
  5646 | D:5      | Noticed a yak
  5647 | D:5      | Noticed a yak
  5647 | D:5      | Noticed a yak
  5655 | D:5      | Reached * piety under Uskayaw
  5658 | D:5      | Reached ** piety under Uskayaw
  5659 | D:5      | Killed a yak
  5664 | D:5      | Reached *** piety under Uskayaw
  5666 | D:5      | Killed a yak
  5666 | D:5      | Reached **** piety under Uskayaw
  5674 | D:5      | Reached skill level 7 in Unarmed Combat
  5686 | D:5      | Reached ***** piety under Uskayaw
  5692 | D:5      | Killed a yak
  5692 | D:5      | Reached skill level 5 in Transmutations
  5692 | D:5      | Reached XP level 8. HP: 45/59 MP: 11/15
  5799 | D:5      | Found a glowing golden altar of the Shining One.
  5957 | D:5      | Noticed Blork the orc
  5966 | D:5      | Killed Blork the orc
  6077 | D:5      | Learned a level 4 spell: Ice Form
  6083 | D:5      | Learned a level 5 spell: Blade Hands
  6287 | D:6      | Slain by an ogre

Levels and vault maps discovered:
D:1:      dpeg_arrival_signposts, layout_loops_corners
D:2:      layout_rooms, supply_closet_lemuel, minmay_tree_intersection,
          xom_teletrap_fun, uniq_natasha
D:3:      layout_basic, corexii_item_surrounded_by_moat, uniq_sigmund,
          uniq_jessica
D:4:      layout_loops_corners, nicolae_overflow_crystal_walls, kennysheep_mini,
          serial_shops, shop, first_ration, minmay_door_square
D:5:      layout_rooms, tso_metal_star, uniq_blork_the_orc
D:6:      layout_gridville, lemuel_coloured_pillars_altar,
          gammafunk_temple_overflow_statue, minmay_misc_feat_square

Skill      XL: |  1  2  3  4  5  6  7 |
---------------+----------------------+-----
Unarmed Combat | 4 5 6 7 |  7.5
Transmutations | 3 4 5 |  5.1
Spellcasting   | 3 4 |  4.7
Fighting       | |  1.1
Dodging        | |  1.7

Action                   |  1- 3 |  4- 6 |  7- 9 || total
-------------------------+-------+-------+-------++-------
Melee: Unarmed           |    53 |    58 |    34 ||   145
       Headbutt          |    10 |     3 |       ||    13
       Whip              |    69 |   108 |    52 ||   229
       Tailslap          |    11 |     7 |     3 ||    21
       Kick              |     3 |    10 |       ||    13
       Punch             |       |     1 |     1 ||     2
 Cast: Beastly Appendage |    17 |    11 |     1 ||    29
       Spider Form       |     1 |    10 |     4 ||    15
       Sticks to Snakes  |       |     2 |       ||     2
Invok: Stomp             |       |       |     1 ||     1
 Abil: Breathe Lightning |       |       |     1 ||     1
  Use: Scroll            |       |     9 |     5 ||    14
 Stab: Paralysed         |       |       |     3 ||     3
  Eat: Chunk             |     4 |    12 |     3 ||    19
Armor: Skin              |    34 |    48 |    18 ||   100
Dodge: Dodged            |    90 |   151 |    57 ||   298

Table legend:
 A = Non-vault XP
 B = Vault XP
 C = Vault XP percentage of total XP
 D = Non-vault monster count
 E = Vault monster count
 F = Vault count percentage of total count
                 A         B        C        D         E       F
            +---------+---------+-------+---------+---------+-------
      Total |    1261 |     387 |  23.5 |      80 |       4 |   4.8
            +---------+---------+-------+---------+---------+-------
        D:1 |      59 |       0 |   0.0 |      23 |       0 |   0.0
        D:2 |      90 |      36 |  28.6 |       7 |       1 |  12.5
        D:3 |      92 |     260 |  73.9 |      23 |       2 |   8.0
        D:4 |     298 |       0 |   0.0 |      18 |       0 |   0.0
        D:5 |     719 |      91 |  11.2 |       8 |       1 |  11.1
        D:6 |       3 |       0 |   0.0 |       1 |       0 |   0.0
            +---------+---------+-------+---------+---------+-------
